 Dungeon Crawl Stone Soup version 0.29-a0-266-gf56f883ddd (webtiles) character file.

Game seed: 12965584106437319115

230 Anon1729 the Skirmisher (level 5, 0/48 HPs)
             Began as a Minotaur Monk on Mar 6, 2022.
             Splashed by a jelly's acid (7 damage)
             ... on level 2 of the Dungeon.
             The game lasted 00:01:54 (1428 turns).

Anon1729 the Skirmisher (Minotaur Monk)             Turns: 1428, Time: 00:01:55

Health: 0/48       AC: -6    Str: 15    XL:     5   Next: 72%
Magic:  4/4        EV: 14    Int:  7    God:
Gold:   145        SH:  0    Dex: 15    Spells: 4/4 levels left

rFire   . . .      SeeInvis .   a - +0 falchion
rCold   . . .      Faith    .   n - orb {light}
rNeg    . . .      Spirit   .   b - +0 robe
rPois   .          Reflect  .   (helmet restricted)
rElec   .          Harm     .   (no cloak)
rCorr   .          Rampage  .   (no gloves)
Will    .....                   (no boots)
Stlth   +.........              (no amulet)
HPRegen 0.16/turn               (no ring)
MPRegen 0.09/turn               (no ring)

@: corroded, glowing
A: horns 2, retaliatory headbutt
a: no special abilities


You were on level 2 of the Dungeon.
You visited 1 branch of the dungeon, and saw 2 of its levels.

You collected 145 gold pieces.

Inventory:

Hand Weapons
 a - a +0 falchion (weapon)
 g - a +2 dagger of venom
Armour
 b - a +0 robe (worn)
 n - an orb of light (worn)
Jewellery
 k - a ring of protection from fire
Wands
 o - a wand of flame (8)
Scrolls
 c - a scroll of enchant weapon {unknown}
 d - a scroll of identify {unknown}
 f - a scroll of enchant armour {unknown}
 h - 2 scrolls of teleportation {unknown}
 i - a scroll of blinking {unknown}
 l - a scroll of acquirement {unknown}
 m - a scroll of amnesia {unknown}
 p - a scroll of brand weapon {unknown}
 q - a scroll of silence {unknown}
 r - a scroll of fear {unknown}
Potions
 e - 3 potions of curing {unknown}
 j - a potion of cancellation {unknown}


   Skills:
 + Level 5.0 Fighting
 + Level 5.0 Long Blades
 + Level 4.5 Dodging
 + Level 3.0 Stealth


You had 4 spell levels left.
You didn't know any spells.
Your spell library was empty.

Dungeon Overview and Level Annotations

Branches:
Dungeon (2/15)

Altars:


Innate Abilities, Weirdness & Mutations

You have a pair of horns on your head.
You reflexively headbutt those who attack you in melee.


Message History

No target in view!
You see here a +0 dagger.
You open the door.
A jelly comes into view.
The jelly quivers.
Found a goblin skeleton and a bat skeleton.
A jelly is nearby!
A jelly is nearby!
A jelly is nearby! 9 endoplasms and a jelly come into view.
Found four items.
The endoplasm quivers. x2
The jelly barely misses you.
There is an open door here.
You slash the jelly!
Your hands burn!
The jelly is heavily wounded.
The endoplasm quivers.
The jelly quivers.
The jelly misses you.
The endoplasm hits the fungus.
The fungus begins to die.
You slash the jelly!
Your hands burn!
The jelly is almost dead.
The endoplasm quivers.
The jelly barely misses you. The jelly hits you. The acid corrodes you!
You are splashed with acid!
The jelly attacks as you move away! The jelly hits you. The acid corrodes you!
You are splashed with acid!
You hit the jelly.
Your hands burn!
You headbutt the jelly.
The jelly is moderately wounded.
The jelly barely misses you.
You slash the jelly! The acid corrodes you!
Your hands burn!
The jelly is severely wounded.
The jelly hits you.
You are splashed with acid!
* * * LOW HITPOINT WARNING * * *
You hit the jelly.
Your hands burn!
* * * LOW HITPOINT WARNING * * *
You headbutt the jelly, but do no damage.
The jelly is almost dead.
The jelly hits you.
* * * LOW HITPOINT WARNING * * *
You are splashed with acid!
You die...

#...........###########
#.#####.##.###÷P..J.÷.?
...####.....##...÷.P.PJ
.....#####.###.÷J..÷.P.
...#.# #.# #.P.PJP...
#.##.# #.# #...PJ..÷.
#.##.#####.# #.J.PJJ...
#.##.......# #J#######
#.########## ##@.)...##
#># ########.#
#.######## #....'..##
#........# #....####
########.# #.......#
...##....# #.......#
.........######.......#
...#.........##...[...#
#.##.....#######.....##


You could see a jelly and an endoplasm.

Vanquished Creatures
  Sigmund (D:2)
  Jessica (D:2)
  2 adders (D:2)
  2 ball pythons (D:2)
  An endoplasm (D:1)
  3 giant cockroaches
  2 goblins
  3 hobgoblins
  12 kobolds
  2 bats
  8 frilled lizards
  4 rats
41 creatures vanquished.

Vanquished Creatures (others)
  A fungus (D:2)
  4 toadstools (D:2)
5 creatures vanquished.

Grand Total: 46 creatures vanquished

Notes
Turn   | Place    | Note
-------+----------+-------------------------------------------
     0 | D:1      | Anon1729 the Minotaur Monk began the quest for the Orb.
     0 | D:1      | Reached XP level 1. HP: 19/19 MP: 0/0
   105 | D:1      | Found a faded altar of an unknown god.
   216 | D:1      | Reached XP level 2. HP: 21/27 MP: 1/1
   873 | D:2      | Reached XP level 3. HP: 33/33 MP: 2/2
  1016 | D:2      | Noticed Sigmund
  1020 | D:2      | Killed Sigmund
  1021 | D:2      | Reached XP level 4. HP: 41/41 MP: 3/3
  1021 | D:2      | Reached XP level 5. HP: 47/47 MP: 4/4
  1029 | D:2      | Noticed Jessica
  1034 | D:2      | Killed Jessica
  1157 | D:2      | Reached skill level 5 in Fighting
  1157 | D:2      | Reached skill level 5 in Long Blades
  1428 | D:2      | Splashed by a jelly's acid

Illustrated notes

Levels and vault maps discovered:
D:1:      amcnicky_arrival_choice, layout_loops_cross, basic_ecumenical_altar
D:2:      cheibrodos_fertilizer, layout_loops_ring, minmay_worlds_worst_comb,
          uniq_jessica, uniq_sigmund

Skill      XL: |  1  2  3  4  5 |
---------------+----------------+-----
Fighting       | 4 5 |  5.0
Long Blades    | 4 5 |  5.0
Stealth        | 2 3 |  3.0
Dodging        | 4 |  4.5

Action                   |  1- 3 |  4- 6 || total
-------------------------+-------+-------++-------
Melee: Falchion          |    46 |    28 ||    74
       Headbutt          |     6 |     5 ||    11
  Use: Potion            |     1 |       ||     1
 Stab: Sleeping          |     3 |     1 ||     4
Armor: Robe              |     7 |     6 ||    13
Dodge: Dodged            |    35 |    22 ||    57

Table legend: (Time is in decaauts)
 A = Elapsed time spent in this place.
 B = Non-inter-level travel time spent in this place.
 C = Inter-level travel time spent in this place.
 D = Time resting spent in this place.
 E = Time spent auto-exploring this place.
 F = Levels seen in this place.
 G = Mean time per level.
                   A        B        C        D        E       F      G
               +--------+--------+--------+--------+--------+-----+--------+
         Total |   1433 |   1399 |     34 |    121 |   1037 |   2 |  716.5 |
       Dungeon |   1433 |   1399 |     34 |    121 |   1037 |   2 |  716.5 |
               +--------+--------+--------+--------+--------+-----+--------+

Top non-repeatable levels by time:
     D:1: 836 daAuts
     D:2: 597 daAuts
